 Dungeon Crawl Stone Soup version 0.21.0 (webtiles) character file.

419 Hekarica the Magician (level 6, -2/41 HPs)
             Began as a Mummy Fire Elementalist on May 25, 2018.
             Slain by Capnfrog's ghost (15 damage)
             ... on level 4 of the Dungeon.
             The game lasted 00:28:30 (3871 turns).

Hekarica the Magician (Mummy Fire Elementalist)     Turns: 3871, Time: 00:28:30

Health: -2/41      AC:  4    Str: 12    XL:     6   Next: 62%
Magic:  8/20       EV: 13    Int: 15    God:
Gold:   198        SH:  0    Dex: 13    Spells: 9/12 levels left

rFire    x . .     SeeInvis .   h - staff of energy
rCold    + . .     Gourm    .   (no shield)
rNeg     + + +     Faith    .   k - +0 robe
rPois    ∞         Spirit   .   (no helmet)
rElec    .         Reflect  .   (no cloak)
rCorr    .         Harm     .   e - +0 pair of gloves
MR       .....                  c - +0 pair of boots
Stlth    ++........             (no amulet)
HPRegen  0.13/turn              g - ring of magical power
MPRegen  0.17/turn              (no ring)

@: very slightly contaminated
A: no food or potions, fire vulnerability, cold resistance 1, negative energy
resistance 3, torment resistance, unbreathing
a: no special abilities


You were on level 4 of the Dungeon.
You were not hungry.

You visited 1 branch of the dungeon, and saw 4 of its levels.
You also visited: Sewer.

You collected 198 gold pieces.

Inventory:

Hand Weapons
 a - a +4 hand axe
 b - a +0 blowgun
Missiles
 n - 9 poisoned needles
 o - 4 javelins (quivered)
Armour
 c - a +0 pair of boots (worn)
 e - a +0 pair of gloves (worn)
 k - a +0 robe (worn)
Magical Staves
 h - an uncursed staff of energy (weapon)
Jewellery
 g - a ring of magical power (left hand)
Wands
 q - a wand of flame (68)
Scrolls
 d - 4 scrolls of identify
 f - 3 scrolls of amnesia
 i - 2 scrolls of remove curse
 j - a scroll of immolation
 l - a scroll of blinking
 p - 2 scrolls of magic mapping
Books
 m - a book of Flames

   Spells                             Type                      Level
   a - Flame Tongue                   Conjuration/Fire             1
   b - Throw Flame                    Conjuration/Fire             2
   c - Conjure Flame                  Conjuration/Fire             3
   d - Inner Flame                    Hexes/Fire                   3
   e - Sticky Flame                   Conjuration/Fire             4
   f - Fireball                       Conjuration/Fire             5


   Skills:
 * Level 3.0 Dodging
 * Level 3.3 Stealth
 + Level 3.8 Spellcasting
 * Level 2.5 Conjurations
 * Level 3.6 Fire Magic


You had 9 spell levels left.
You knew the following spells:

 Your Spells              Type           Power        Failure   Level  Hunger
a - Throw Flame           Conj/Fire      ##....       8%          2    N/A
b - Flame Tongue          Conj/Fire      ##...        4%          1    N/A

Dungeon Overview and Level Annotations

Branches:
Dungeon (4/15)
 Temple: D:4-7

Altars:
Elyvilon
Kikubaaqudgha
Xom

Annotations:
D:3 Matudinoluver's ghost, amateur MiBe
D:4 Capnfrog's ghost, novice HOFi


Innate Abilities, Weirdness & Mutations

You do not eat or drink.
Your flesh is vulnerable to fire.
You are immune to poison.
Your flesh is cold resistant. (rC+)
You are immune to negative energy. (rN+++)
You are immune to unholy pain and torment.
You can survive without breathing.


Message History

Aim: Capnfrog's ghost (moderately damaged)
The flame tongue hits Capnfrog's ghost.
Capnfrog's ghost appears unharmed.
Capnfrog's ghost is moderately damaged.
Capnfrog's ghost hits you!
Casting: Flame Tongue
Confirm with . or Enter, or press ? or * to list all spells.
Aiming: Flame Tongue
Press: ? - help, Shift-Dir - straight line, f/p - Capnfrog's ghost
Aim: Capnfrog's ghost (moderately damaged)
The flame tongue hits Capnfrog's ghost.
Capnfrog's ghost appears unharmed.
Capnfrog's ghost is moderately damaged.
Capnfrog's ghost closely misses you.
Casting: Flame Tongue
Confirm with . or Enter, or press ? or * to list all spells.
Aiming: Flame Tongue
Press: ? - help, Shift-Dir - straight line, f/p - Capnfrog's ghost
Aim: Capnfrog's ghost (moderately damaged)
The flame tongue misses Capnfrog's ghost.
Capnfrog's ghost hits you!
You die...

#..............##≈≈
#####..............##≈≈
.........##+##.....≈≈.!
.........# #.....≈≈..
.........# #.........
.........# #.....≈≈..
##'##########.≈≈..
#W..........'.##≈≈
#@..........#.##≈≈
#+###########..≈..
.....# .....# .>....#
......# +#####..


You could see Capnfrog's ghost.

Vanquished Creatures
  An ogre (D:4)
  2 bullfrogs (Sewer)
  A howler monkey (D:4)
  A worker ant (D:4)
  6 adders
  2 worms (D:4)
  A dart slug (D:1)
  4 leopard geckos
  An orc (D:3)
  9 giant cockroaches
  6 goblins
  6 hobgoblins
  6 jackals
  5 kobolds
  3 quokkas (D:3)
  5 ball pythons
  14 bats
  8 frilled lizards
  A jackal skeleton (D:4)
  4 rats
86 creatures vanquished.

Notes
Turn   | Place    | Note
-------+----------+-------------------------------------------
     0 | D:1      | Hekarica the Mummy Fire Elementalist began the quest for the Orb.
     0 | D:1      | Reached XP level 1. HP: 13/13 MP: 4/4
   239 | D:1      | Reached skill level 1 in Conjurations
   248 | D:1      | Reached XP level 2. HP: 17/19 MP: 3/5
   682 | D:1      | Learned a level 2 spell: Throw Flame
   863 | D:1      | Reached XP level 3. HP: 24/24 MP: 7/7
  1354 | D:2      | Found a white marble altar of Elyvilon.
  1354 | D:2      | Found an ancient bone altar of Kikubaaqudgha.
  1646 | D:3      | Found a shimmering altar of Xom.
  2062 | D:3      | Reached XP level 4. HP: 30/30 MP: 8/8
  2260 | D:3      | Noticed Matudinoluver's ghost (amateur MiBe)
  2615 | D:4      | Reached XP level 5. HP: 27/35 MP: 8/10
  2734 | D:4      | Found a glowing drain.
  2770 | Sewer    | Entered a sewer
  3551 | Sewer    | Reached XP level 6. HP: 35/41 MP: 11/11
  3700 | Sewer    | Learned a level 2 spell: Throw Flame
  3706 | Sewer    | Identified a scroll of acquirement
  3861 | D:4      | Noticed Capnfrog's ghost (novice HOFi)
  3871 | D:4      | Slain by Capnfrog's ghost

Skill      XL: |  1  2  3  4  5  6 |
---------------+-------------------+-----
Conjurations   | 1 2 |  2.5
Dodging        | 2 3 |  3.0
Stealth        | 2 3 |  3.3
Spellcasting   | 3 |  3.8
Fire Magic     | 3 |  3.6

Action                   |  1- 3 |  4- 6 || total
-------------------------+-------+-------++-------
Melee: Unarmed           |     3 |       ||     3
       Short sword       |     7 |       ||     7
       Hand axe          |     5 |       ||     5
       Dagger            |     1 |       ||     1
 Cast: Flame Tongue      |    65 |    53 ||   118
       Throw Flame       |       |    33 ||    33
  Use: Scroll            |     3 |     9 ||    12
 Stab: Sleeping          |     1 |       ||     1
Armor: Robe              |     8 |     8 ||    16
Dodge: Dodged            |    39 |    35 ||    74
